 Dungeon Crawl Stone Soup version 0.27-a0-780-geb8d7bc690 (webtiles) character file.

Game seed: 3789129397523368473

63 DarkShadow the Covered (level 3, 0/33 HPs)
             Began as a Minotaur Fighter on Mar 26, 2021.
             Killed by divine providence
             ... invoked by an orc priest
              (11 damage)
             ... on level 3 of the Dungeon.
             The game lasted 00:05:49 (2218 turns).

DarkShadow the Covered (Minotaur Fighter)           Turns: 2218, Time: 00:05:49

Health: 0/33       AC:  7    Str: 20    XL:     3   Next: 89%
Magic:  2/2        EV:  7    Int:  5    God:
Gold:   38         SH:  9    Dex: 10    Spells: 2/2 levels left

rFire    + . .     SeeInvis .   a - +1 war axe (freeze)
rCold    . . .     Faith    +   c - +0 kite shield
rNeg     . . .     Spirit   .   b - +0 scale mail
rPois    .         Reflect  .   (helmet restricted)
rElec    .         Harm     .   (no cloak)
rCorr    .         Rampage  .   (no gloves)
Will     .....                  (no boots)
Stlth    ..........             g - amulet of faith
HPRegen  0.11/turn              o - ring of protection from fire
MPRegen  0.08/turn              (no ring)

@: no status effects
A: horns 2, retaliatory headbutt
a: no special abilities


You were on level 3 of the Dungeon.
You visited 1 branch of the dungeon, and saw 3 of its levels.

You collected 38 gold pieces.

Inventory:

Hand Weapons
 a - a +1 war axe of freezing (weapon)
Armour
 b - a +0 scale mail (worn)
 c - a +0 kite shield (worn)
Jewellery
 g - an amulet of faith (around neck)
 m - a ring of fire
 o - a ring of protection from fire (right hand)
Scrolls
 e - a scroll of teleportation
 j - 3 scrolls of identify
Potions
 d - a potion of might
 h - a potion of curing
 k - a potion of cancellation {unknown}
 n - a potion of attraction {unknown}


   Skills:
 + Level 4.1 Fighting
 + Level 3.4 Axes
 + Level 4.3 Armour
 + Level 1.0 Dodging
 + Level 4.0 Shields


You had 2 spell levels left.
You didn't know any spells.
Your spell library was empty.

Dungeon Overview and Level Annotations

Branches:
Dungeon (3/15)

Altars:
Gozag


Innate Abilities, Weirdness & Mutations

You have a pair of horns on your head.
You reflexively headbutt those who attack you in melee.


Message History

You block the orc's attack. The orc barely misses you.
You closely miss the orc.
The orc is almost dead.
You block the orc's attack.
You barely miss the orc.
The orc is almost dead.
You block the orc's attack. The orc completely misses you.
You furiously retaliate!
You headbutt the orc.
You kill the orc!
You hit the orc. You freeze the orc. You headbutt the orc.
You kill the orc!
You block the jackal's attack. The jackal bites you.
You closely miss the jackal. You block the jackal's attack.
The jackal bites you.
You hit the jackal. You freeze the jackal.
You kill the jackal!
You block the jackal's attack.
You slash the jackal! You freeze the jackal.
You kill the jackal!
The orc priest mumbles some strange prayers to Beogh against you.
Beogh smites you!
The orc priest calls down the wrath of Beogh upon you.
Pain shoots through your body!
* * * LOW HITPOINT WARNING * * *
Your Dodging skill increases to level 1!
You feel better.
You barely miss the orc priest.
You headbutt the orc priest, but do no damage.
You block the orc priest's attack.
You barely miss the orc priest.
The orc priest hits you but does no damage.
The orc priest mumbles some strange prayers to Beogh against you.
You barely resist. You barely miss the orc priest.
The orc priest closely misses you.
You slash the orc priest! You freeze the orc priest.
The orc priest is severely wounded.
The orc priest barely misses you.
The orc priest calls down the wrath of Beogh upon you.
Beogh smites you!
You die...

♣♣♣♣♣♣♣♣♣♣♣
♣..o@..♣♣.♣♣ ##
♣...♣♣♣...♣.♣♣♣♣♣♣♣
#. ♣..
♣♣♣♣♣♣......♣♣#.
... ♣♣♣♣♣♣♣.♣#. ♣♣♣
♣♣... ♣♣#. #. #. #.


You could see an orc priest.

Vanquished Creatures
  An adder (D:2)
  A worm (D:2)
  A dart slug (D:2)
  2 orcs (D:3)
  3 ball pythons
  4 bats
  2 endoplasms
  3 goblins (D:2)
  2 hobgoblins
  10 jackals
  5 kobolds
  A quokka (D:1)
  3 frilled lizards
  4 rats
42 creatures vanquished.

Vanquished Creatures (others)
  3 plants (D:1)
3 creatures vanquished.

Grand Total: 45 creatures vanquished

Notes
Turn   | Place    | Note
-------+----------+-------------------------------------------
     0 | D:1      | DarkShadow the Minotaur Fighter began the quest for the
                  | Orb.
     0 | D:1      | Reached XP level 1. HP: 19/19 MP: 0/0
   302 | D:1      | Reached XP level 2. HP: 24/27 MP: 1/1
  1147 | D:2      | Reached XP level 3. HP: 33/33 MP: 2/2
  1238 | D:2      | Found an opulent altar of Gozag.
  2213 | D:3      | HP: 1/33 [orc priest/nerve-wracking pain (13)]
  2214 | D:3      | Reached skill level 1 in Dodging
  2218 | D:3      | Killed from afar by an orc priest

Illustrated notes

Levels and vault maps discovered:
D:1:      mushboom_english_gardens, layout_basic, serial_forest,
          infiniplex_forest_straight_1, infiniplex_forest_zigzag_1,
          infiniplex_forest_clump_double, infiniplex_forest_clump_double,
          infiniplex_forest_straight_2, infiniplex_forest_clump_tiny,
          infiniplex_forest_lined_3, infiniplex_forest_end_2,
          infiniplex_forest_straight_3
D:2:      layout_basic, general_overflow_altar, minivault_25,
          kennysheep_generic_room_7
D:3:      kb_forest_paths, layout_rooms, minmay_misc_feat_room

Skill      XL: |  1  2  3 |
---------------+----------+-----
Armour         | 4 |  4.3
Fighting       | 4 |  4.1
Axes           | 3 |  3.4
Shields        | 4 |  4.0
Dodging        | 1 |  1.0

Action                   || total
-------------------------++-------
Melee: War axe           ||   103
       Headbutt          ||     9
  Use: Scroll            ||     8
       Potion            ||     1
Armor: Scale mail        ||    40
Dodge: Dodged            ||    31
Block: Kite shield       ||    73

Table legend: (Time is in decaauts)
 A = Elapsed time spent in this place.
 B = Non-inter-level travel time spent in this place.
 C = Inter-level travel time spent in this place.
 D = Time resting spent in this place.
 E = Time spent auto-exploring this place.
 F = Levels seen in this place.
 G = Mean time per level.
                   A        B        C        D        E       F      G
               +--------+--------+--------+--------+--------+-----+--------+
         Total |   2275 |   2275 |      0 |     22 |   1750 |   3 |  758.3 |
       Dungeon |   2275 |   2275 |      0 |     22 |   1750 |   3 |  758.3 |
               +--------+--------+--------+--------+--------+-----+--------+

Top non-repeatable levels by time:
     D:2: 1412 daAuts
     D:1: 801 daAuts
     D:3: 62 daAuts
